 Dungeon Crawl Stone Soup version 0.20-a0-972-gb9bd3e6 (webtiles) character file.

5593 JeffiDaFish the Basher (level 10, -2/61 HPs)
             Began as a Gargoyle Fighter on Apr 9, 2017.
             Was a High Priest of Okawaru.
             Slain by a death yak (5 damage)
             ... on level 8 of the Dungeon on Apr 10, 2017.
             The game lasted 00:17:27 (8088 turns).

JeffiDaFish the Basher (Gargoyle Fighter)           Turns: 8088, Time: 00:17:27

Health: -2/61      AC: 24    Str: 21    XL:     10   Next: 72%
Magic:  19/19      EV:  6    Int:  8    God:    Okawaru [*****.]
Gold:   357        SH: 16    Dex: 12    Spells: 9/9 levels left

rFire    . . .     SeeInvis .   a - +1 flail
rCold    . . .     Gourm    .   c - +0 shield
rNeg     + . .     Faith    .   k - +1 plate armour
rPois    ∞         Spirit   .   (no helmet)
rElec    +         Reflect  +   (no cloak)
rCorr    .         Harm     .   (no gloves)
MR       .....                  h - +2 pair of boots
Stlth    ..........             j - +4 amulet of reflection
Regen    0.2/turn               o - ring of magical power (curse)
MPRegen  0.2/turn               (no ring)

@: no status effects
A: negative energy resistance 1, electricity resistance, unbreathing,
petrification resistance, rot immunity, AC +7
a: Heroism, Finesse, Renounce Religion


You were on level 8 of the Dungeon.
You worshipped Okawaru.
Okawaru was extremely pleased with you.
You were near starving.

You visited 2 branches of the dungeon, and saw 9 of its levels.
You also visited: Ossuary.

You collected 357 gold pieces.

Inventory:

Hand Weapons
 a - a +1 flail (weapon)
Armour
 c - a +0 shield (worn)
 h - a +2 pair of boots (worn)
 k - a +1 plate armour (worn)
Jewellery
 j - a +4 amulet of reflection (around neck)
 l - an uncursed amulet of harm
 o - a cursed ring of magical power (left hand)
Scrolls
 i - 3 scrolls of teleportation
 m - 3 scrolls of blinking
 n - 2 scrolls of remove curse
Potions
 d - a potion of might
Books
 b - a book of Cantrips

   Spells                             Type                      Level
   a - Confusing Touch                Hexes                        1
   b - Animate Skeleton               Necromancy                   1
   c - Summon Small Mammal            Summoning                    1
   d - Apportation                    Translocation                1
 e - a book of Air

   Spells                             Type                      Level
   a - Shock                          Conjuration/Air              1
   b - Swiftness                      Charms/Air                   2
   c - Static Discharge               Conjuration/Air              3
   d - Airstrike                      Air                          4
   e - Lightning Bolt                 Conjuration/Air              5
Comestibles
 f - 7 bread rations
 g - 5 meat rations


   Skills:
 + Level 6.5 Fighting
 + Level 10.4 Maces & Flails
 + Level 7.3 Armour
 + Level 1.6 Dodging
 + Level 0.2 Stealth
 + Level 9.9 Shields


You had 9 spell levels left.
You didn't know any spells.

Dungeon Overview and Level Annotations

Branches:
Dungeon (8/15)             Temple (1/1) D:4
   Lair: D:8-11

Altars:
Ashenzari
Cheibriados
Dithmenos
Elyvilon
Fedhas
Gozag
Hepliaklqana
Makhleb
Nemelex Xobeh
Okawaru
Trog
Uskayaw
Vehumet
Wu Jian
Yredelemnul
Zin
The Shining One


Innate Abilities, Weirdness & Mutations

You are resistant to torment.
Your stone body is resilient. (AC +7)
You are immune to poison.
You resist negative energy. (rN+)
You are resistant to electric shocks. (rElec)
You can survive without breathing.
You are immune to petrification.
You are immune to rotting.


Message History

The death yak gores you!
* * * LOW HITPOINT WARNING * * *
You hit the death yak but do no damage.
The death yak is lightly wounded.
The death yak gores you.
* * * LOW HITPOINT WARNING * * *
Your plate armour prevents you from hitting the death yak.
The death yak is lightly wounded.
You block the death yak's attack.
You hit the death yak.
The death yak is moderately wounded.
The phantom blinks!
You sock the death yak!
The death yak is heavily wounded.
The death yak gores you!
* * * LOW HITPOINT WARNING * * *
Your plate armour prevents you from hitting the death yak.
The death yak is heavily wounded.
The death yak gores you.
You die...

#...# #......##Y#W####### #...#
#.##l#.###..<.....#
#####...#####.##.#.####.......# #
#...........#.##Y....##.......# #
................##.#..........# #
#...........#.#.##)#..#.......# #
####...#####..>.YZ...#.......# #
#...# #####YY§.##....)..# #
#...### ##@#Y....######## #
#.....# #.##.#...# # ##.##.##
#.##.....# # #### #.#...##
#.##.##..########## ...###......#
#.................#
##.##....PP.###.#.....#.#######..
##.##.#.._............#.# ###
..........P..##.#..##.#.#
.#.##.#......##.#..##.#.#


You could see a death yak, 2 yaks and a centaur skeleton.

Vanquished Creatures
  2 death yaks (D:8)
  A two-headed ogre (D:8)
  A hornet (D:8)
  2 hippogriffs (D:8)
  A yak (D:8)
  Sigmund (D:6)
  A hungry ghost (D:8)
  Duvessa (D:5)
  2 sky beasts
  2 black bears (D:8)
  An orc warrior (D:7)
  2 phantoms
  4 ogres
  A centaur (D:7)
  Blork the orc (D:6)
  2 big kobolds (D:7)
  Dowan (D:5)
  4 howler monkeys (D:7)
  A crimson imp (D:8)
  3 centaur zombies
  A jelly (D:5)
  2 bullfrog skeletons
  2 human zombies (Ossuary)
  3 hounds
  4 iguanas
  Ijyb (D:4)
  Natasha (twice) (D:4)
  6 worker ants
  An orc wizard (D:8)
  A killer bee zombie (D:7)
  2 hound zombies
  The ghost of Nausicaa the Sneak, a weakling VSMo (D:3)
  2 hound skeletons
  3 mummies (Ossuary)
  Robin (D:4)
  7 gnolls
  13 adders
  A shadow imp (D:6)
  2 oozes (D:3)
  An adder skeleton (D:4)
  5 adder zombies (Ossuary)
  2 worms (D:2)
  3 dart slugs
  2 leopard geckos
  4 orcs
  4 ball pythons
  8 bats
  3 giant cockroaches
  15 goblins
  14 hobgoblins
  4 jackals (D:3)
  20 kobolds
  6 quokkas
  2 gnoll zombies (Ossuary)
  6 goblin zombies (Ossuary)
  A hobgoblin zombie (Ossuary)
  3 jackal zombies (Ossuary)
  A leopard gecko skeleton (D:4)
  4 orc zombies (Ossuary)
  5 quokka zombies (Ossuary)
  6 rats
  A rat zombie (Ossuary)
  A plant (D:3)
210 creatures vanquished.

Vanquished Creatures (others)
  A kobold (D:7)
1 creature vanquished.

Grand Total: 211 creatures vanquished

Notes
Turn   | Place    | Note
-------+----------+-------------------------------------------
     0 | D:1      | JeffiDaFish the Gargoyle Fighter began the quest for the Orb.
     0 | D:1      | Reached XP level 1. HP: 14/14 MP: 1/1
   121 | D:1      | Reached XP level 2. HP: 19/19 MP: 2/2
   606 | D:2      | Reached XP level 3. HP: 20/23 MP: 3/3
  1176 | D:2      | Found a hide-covered altar of Uskayaw.
  1332 | D:2      | Reached XP level 4. HP: 27/29 MP: 4/4
  1742 | D:3      | Reached skill level 3 in Maces & Flails
  1776 | D:3      | Noticed Nausicaa's ghost (weakling VSMo)
  1791 | D:3      | Killed Nausicaa's ghost
  1952 | D:3      | You fall through a shaft for 3 floors!
  1952 | D:6      | Noticed Blork the orc
  1961 | D:6      | Killed Blork the orc
  1961 | D:6      | Reached XP level 5. HP: 26/33 MP: 5/5
  2010 | D:6      | Reached skill level 4 in Maces & Flails
  2010 | D:6      | Reached skill level 1 in Dodging
  2117 | D:6      | Found an ornate altar of the Wu Jian Council.
  2192 | D:5      | Entered Level 5 of the Dungeon
  2229 | D:5      | Noticed a sky beast
  2258 | D:5      | Killed a sky beast
  2258 | D:5      | Reached skill level 5 in Shields
  2258 | D:5      | Reached XP level 6. HP: 20/38 MP: 6/6
  2448 | D:4      | Found a sand-covered staircase.
  2470 | Ossuary  | Entered an ossuary
  2769 | Ossuary  | Reached skill level 5 in Maces & Flails
  2773 | Ossuary  | Reached XP level 7. HP: 39/43 MP: 7/7
  3064 | D:4      | Found a staircase to the Ecumenical Temple.
  3078 | Temple   | Entered the Ecumenical Temple
  3225 | Temple   | Became a worshipper of Warmaster Okawaru
  3282 | D:4      | Noticed Robin
  3329 | D:4      | Killed Robin
  3543 | D:4      | Noticed Ijyb
  3565 | D:4      | Killed Ijyb
  3565 | D:4      | Reached skill level 6 in Maces & Flails
  4298 | D:4      | Noticed Natasha
  4306 | D:4      | Killed Natasha
  4418 | D:4      | Noticed Natasha
  4427 | D:4      | Killed Natasha
  4655 | D:4      | Reached XP level 8. HP: 48/48 MP: 8/8
  4698 | D:5      | Noticed Dowan
  4699 | D:5      | Noticed Duvessa
  4716 | D:5      | Killed Duvessa
  4716 | D:5      | Reached * piety under Okawaru
  4735 | D:5      | Killed Dowan
  4965 | D:5      | Reached skill level 7 in Maces & Flails
  5002 | D:5      | Reached skill level 5 in Fighting
  5227 | D:5      | Reached skill level 5 in Armour
  5879 | D:6      | Reached ** piety under Okawaru
  6096 | D:6      | Reached XP level 9. HP: 44/54 MP: 9/9
  6111 | D:6      | Reached skill level 8 in Maces & Flails
  6296 | D:6      | Noticed Sigmund
  6306 | D:6      | Killed Sigmund
  6312 | D:6      | Found an opulent altar of Gozag.
  6312 | D:6      | Found a basalt altar of Yredelemnul.
  6312 | D:6      | Found a glowing silver altar of Zin.
  6338 | D:6      | Found a shattered altar of Ashenzari.
  7096 | D:7      | Reached skill level 9 in Maces & Flails
  7128 | D:7      | Got an encrusted flail
  7129 | D:7      | Identified the +9 flail of Tenacity {drain, +Inv rPois Str-5 SInv} (You found it on level 7 of the Dungeon)
  7260 | D:8      | Noticed a hornet
  7298 | D:8      | Killed a hornet
  7447 | D:8      | Reached *** piety under Okawaru
  7491 | D:8      | Found a bloodstained altar of Trog.
  7574 | D:8      | Reached XP level 10. HP: 54/60 MP: 10/10
  7695 | D:8      | Noticed a death yak
  7700 | D:8      | Noticed a death yak
  7702 | D:8      | Noticed a two-headed ogre
  7704 | D:8      | Noticed a death yak
  7722 | D:8      | Killed a death yak
  7722 | D:8      | Reached **** piety under Okawaru
  7722 | D:8      | Reached skill level 10 in Maces & Flails
  7730 | D:8      | Killed a two-headed ogre
  8073 | D:8      | Killed a death yak
  8074 | D:8      | Reached ***** piety under Okawaru
  8087 | D:8      | HP: 2/61 [death yak (14)]
  8088 | D:8      | Slain by a death yak

Vault maps used:
D:1:      minmay_arrival_arboretum_small, serial_bayou_pond_d
D:2:      lemuel_round_altar
D:3:      grunt_ministairs_6, lexackson_kobold_supper
D:4:      minmay_temple_entry_crystal_x, enter_ossuary_1, item_on_display_a,
          uniq_robin, uniq_iyjb, uniq_natasha
D:5:      first_bread, uniq_duvessa
D:6:      grunt_temple_overflow_cloverleaf, marbit_many_paths,
          uniq_blork_the_orc, uniq_sigmund
D:8:      trog_ov_bears_minmay, dpeg_lair_monsters
Temple:   minmay_temple_curvy_branch
Ossuary:  minmay_ossuary_two_tombs

Skill      XL: |  1  2  3  4  5  6  7  8  9 10 |
---------------+-------------------------------+-----
Shields        | 4 5 6 8 9 |  9.9
Maces & Flails | 3 4 5 6 7 9 10 | 10.4
Dodging        | 1 |  1.6
Fighting       | 4 5 6 |  6.5
Armour         | 4 5 6 7 |  7.3
Stealth        | |  0.2

Action                   |  1- 3 |  4- 6 |  7- 9 | 10-12 || total
-------------------------+-------+-------+-------+-------++-------
Melee: Flail             |   185 |   281 |   627 |   112 ||  1205
Evoke: Wand              |       |       |     1 |       ||     1
  Use: Potion            |     2 |       |     8 |     1 ||    11
       Scroll            |     5 |     4 |     8 |       ||    17
  Eat: Chunk             |     2 |     3 |    20 |       ||    25
       Royal jelly       |       |       |     1 |       ||     1
Armor: Scale mail        |   117 |    24 |       |       ||   141
       Plate armour      |       |   127 |   300 |    31 ||   458
Dodge: Dodged            |    56 |    54 |    54 |    11 ||   175
Block: Shield            |   122 |   166 |   457 |    69 ||   814
       Reflection        |       |     4 |     7 |       ||    11
